 Dungeon Crawl Stone Soup version 0.18.1-50-g88ac8fd (webtiles) character file.

73 WhiskeyPanda the Sneak (level 4, 0/37 HPs)
             Began as a Naga Enchanter on Sept 23, 2016.
             Slain by an orc
             ... wielding a +0 mace
              (2 damage)
             ... on level 3 of the Dungeon.
             The game lasted 00:14:29 (1805 turns).

WhiskeyPanda the Sneak (Naga Enchanter)             Turns: 1805, Time: 00:14:29

Health: 0/37       AC:  4    Str: 11    XL:     4   Next: 27%
Magic:  3/7        EV:  9    Int: 16    God:
Gold:   109        SH:  0    Dex: 11    Spells: 1 memorised, 5 levels left

rFire  . . .     SeeInvis +     h - +1 short sword (drain)
rCold  . . .     Gourm    .     q - +1 leather armour
rNeg   . . .     Faith    .     (no shield)
rPois  +         Spirit   .     (no helmet)
rElec  .         Dismiss  .     (no cloak)
rCorr  .         Reflect  .     n - +0 pair of gloves
SustAt .         Harm     .     (no barding)
MR     .....                    (no amulet)
Stlth  +++.......               (no ring)
                                l - ring of see invisible

@: about to teleport, very slow, not resistant to hostile enchantments, fairly
stealthy
A: see invisible, deformed body, poison resistance, slowness 2, slow metabolism
1, spit poison 2, AC +1
a: Spit Poison


You were on level 3 of the Dungeon.
You were not hungry.

You visited 1 branch of the dungeon, and saw 3 of its levels.

You collected 109 gold pieces.

Inventory:

Hand Weapons
 a - a +1 dagger
 h - a +1 short sword of draining (weapon)
Armour
 n - a +0 pair of gloves (worn)
 q - a +1 leather armour (worn)
Jewellery
 l - a ring of see invisible (left hand)
Scrolls
 e - 7 scrolls of identify
 o - 2 scrolls of random uselessness {unknown}
Potions
 f - 2 potions of haste {unknown}
 g - 2 potions of degeneration {unknown}
 m - 2 potions of mutation {unknown}
 p - a potion of lignification {unknown}
 s - a potion of agility {unknown}
 u - a potion of flight {unknown}
Books
 c - a book of Maledictions

   Spells                             Type                      Level
   a - Corona                         Hexes                        1
   b - Ensorcelled Hibernation        Hexes/Ice                    2
   c - Confuse                        Hexes                        3
   d - Tukima's Dance                 Hexes                        3
   e - Dazzling Spray                 Conjuration/Hexes            3
Comestibles
 d - a bread ration
 r - a beef jerky
 t - a meat ration


   Skills:
 + Level 0.4 Fighting
 + Level 1.4 Short Blades
 + Level 0.1 Armour
 + Level 2.0 Dodging
 + Level 5.3 Stealth
 + Level 2.5 Spellcasting
 + Level 3.5 Hexes


You had 5 spell levels left.
You knew the following spells:

 Your Spells              Type           Power        Failure   Level  Hunger
b - Tukima's Dance        Hex            ##......     21%         3    ###....


Dungeon Overview and Level Annotations

Branches:
Dungeon (3/15)

Altars:


Innate Abilities, Weirdness & Mutations

You cannot wear boots.
Your serpentine skin is tough (AC +1).
You have supernaturally acute eyesight.
Armour fits poorly on your strangely shaped body.
Your system is resistant to poisons.
You cover ground very slowly.
You have a slow metabolism.
You can spit poison.


Message History

Your club hits the orc. The orc hits you with a mace.
* * * LOW HITPOINT WARNING * * *
Read which item? (? for menu, Esc to quit)
As you read the scroll labeled ZUOFRU HEDDOABIEPT, it crumbles to dust.
It is a scroll of enchant armour.
Enchant which item? (? for menu, Esc to quit)
Your +0 leather armour glows green for a moment.
The hobgoblin barely misses you.
Your club hits the orc but does no damage.
Read which item? (? for menu, Esc to quit)
As you read the scroll labeled ILOCLY EDON, it crumbles to dust.
You feel aware of your surroundings.
It was a scroll of magic mapping.
The orc barely misses you.
The hobgoblin hits you but does no damage.
Read which item? (? for menu, Esc to quit)
As you read the scroll labeled IHOXTYAPOI, it crumbles to dust.
You feel strangely unstable.
It was a scroll of teleportation.
Your club hits the orc but does no damage.
The orc hits you with a mace.
You die...

,*****#.,#.#****,***,,,,,,**
** #.##.# #.#,.?#..,*** ,*
##.<..#####..,..#.#,,,******
,*
##...........##....#**,,,,,,,
,***#.........##g....?#*
*******,
,,,,#####..##.##......# *,
***,,#..............#.# *,
**,#................# **
*,#.........g@.....#
**####....[.o......#
#####†(†..=...#
#....>.....#***
#............,**
#.....<...###,,*******
##.........#**,,,,,,,,
#.........# *********
#.......).* *


You could see an orc, 2 hobgoblins and a friendly club.

Vanquished Creatures
  An adder (D:2)
  An ooze (D:1)
  2 worms (D:2)
  3 dart slugs (D:1)
  A giant gecko (D:2)
  2 orcs (D:3)
  8 bats
  2 giant cockroaches
  7 goblins
  3 hobgoblins
  6 kobolds
  A quokka (D:2)
  A giant newt (D:1)
  4 rats (D:1)
42 creatures vanquished.

Vanquished Creatures (others)
  2 dancing weapons
2 creatures vanquished.

Grand Total: 44 creatures vanquished

Notes
Turn   | Place    | Note
--------------------------------------------------------------
     0 | D:1      | WhiskeyPanda the Naga Enchanter began the quest for the Orb.
     0 | D:1      | Reached XP level 1. HP: 15/15 MP: 3/3
   180 | D:1      | Reached XP level 2. HP: 20/22 MP: 1/5
   410 | D:1      | Reached skill level 5 in Stealth
   432 | D:1      | Reached XP level 3. HP: 28/28 MP: 4/6
  1092 | D:2      | Learned a level 3 spell: Tukima's Dance
  1563 | D:2      | Reached XP level 4. HP: 37/37 MP: 7/7
  1805 | D:3      | Slain by an orc

Skill      XL: |  1  2  3 |
---------------+----------+-----
Stealth        | 5 |  5.3
Dodging        | 2 |  2.0
Fighting       | |  0.4
Short Blades   | |  1.4
Armour         | |  0.1
Spellcasting   | |  2.5
Hexes          | |  3.5

Action                   |  1- 3 |  4- 6 || total
-------------------------+-------+-------++-------
Melee: Short sword       |    82 |    23 ||   105
       Dagger            |     4 |       ||     4
Throw: Throwing net      |     3 |       ||     3
 Cast: Corona            |    12 |       ||    12
       Tukima's Dance    |     1 |     3 ||     4
 Abil: Spit Poison       |     2 |       ||     2
  Use: Scroll            |     1 |     5 ||     6
 Stab: Sleeping          |     4 |       ||     4
  Eat: Bread ration      |     1 |       ||     1
Armor: Robe              |     9 |       ||     9
       Leather armour    |    12 |    11 ||    23
Dodge: Dodged            |    58 |    33 ||    91
